 Dungeon Crawl Stone Soup version 0.29.1-12-g30fa7ad0bf (webtiles) character file.

Game seed: 2288526407946957645

58 mopl the Chopper (level 4, -6/33 HPs)
             Began as a Formicid Warper on Jan 5, 2023.
             Mangled by Terence
             ... wielding a +0 morningstar
              (8 damage)
             ... on level 3 of the Dungeon.
             The game lasted 00:01:36 (1459 turns).

mopl the Chopper (Formicid Warper)                  Turns: 1459, Time: 00:01:37

Health: -6/33      AC:  7    Str: 17    XL:     4   Next: 21%
Magic:  7/7        EV: 11    Int: 13    God:
Gold:   25         SH:  0    Dex: 13    Spells: 7/7 levels left

rFire   . . .      SeeInvis +   a - +0 hand axe
rCold   . . .      Faith    .   (no shield)
rNeg    . . .      Spirit   .   b - +0 leather armour
rPois   .          Reflect  .   (helmet unavailable)
rElec   .          Harm     .   (no cloak)
rCorr   .          Rampage  .   (no gloves)
Will    .....                   (no boots)
Stlth   +.........              (no amulet)
HPRegen 0.11/turn               m - +4 ring of protection
MPRegen 0.10/turn               (no ring)

@: no status effects
A: permanent stasis, dig shafts and tunnels, antennae 3, four strong arms
a: Dig, Shaft Self


You were on level 3 of the Dungeon.
You visited 1 branch of the dungeon, and saw 3 of its levels.

You collected 25 gold pieces.

Inventory:

Hand Weapons
 a - a +0 hand axe (weapon)
Missiles
 c - 4 boomerangs of dispersal (quivered)
Armour
 b - a +0 leather armour (worn)
 r - an orb of mayhem
Jewellery
 m - a +4 ring of protection (left hand)
Scrolls
 d - a scroll of identify {unknown}
 f - a scroll of teleportation {unknown}
 h - a scroll of acquirement {unknown}
 i - a scroll of amnesia {unknown}
 j - a scroll of immolation {unknown}
 p - a scroll of noise {unknown}
 q - a scroll of vulnerability {unknown}
Potions
 e - a potion of ambrosia
 k - a potion of flight {unknown}
 l - a potion of curing {unknown}
 n - a potion of might {unknown}
 o - a potion of brilliance {unknown}


   Skills:
 - Level 2.1 Fighting
 + Level 4.2 Axes
 - Level 1.0 Throwing
 - Level 1.1 Armour
 - Level 1.7 Dodging
 - Level 2.1 Spellcasting
 - Level 2.6 Translocations


You had 7 spell levels left.
You didn't know any spells.
Your spell library contained the following spells:

 Spells                   Type           Power      Damage    Failure   Level
 Gell's Gravitas          Tloc           8%         N/A       30%         3
 Lesser Beckoning         Tloc           8%         N/A       30%         3
 Teleport Other           Tloc           8%         N/A       30%         3
 Manifold Assault         Tloc           8%         N/A       95%         5
 Blink                    Tloc           Unusable   N/A       N/A         2

Dungeon Overview and Level Annotations

Branches:
Dungeon (3/15)

Altars:

Annotations:
D:2 bb, Robin
D:3 Terence


Innate Abilities, Weirdness & Mutations

You cannot be hasted, slowed, berserked, paralysed or teleported.
You can dig through walls and to a lower floor.
You have a pair of large antennae on your head. (SInv)
Your four strong arms can wield two-handed weapons with a shield.


Message History

Terence hits you with a +0 morningstar.
You are too injured to fight recklessly!
You are too injured to fight recklessly!
You are too injured to fight recklessly!
You are too injured to fight recklessly!
You are too injured to fight recklessly!
You are too injured to fight recklessly!
You are too injured to fight recklessly!
You are too injured to fight recklessly!
You are too injured to fight recklessly!
You are too injured to fight recklessly!
You are too injured to fight recklessly!
You are too injured to fight recklessly!
You are too injured to fight recklessly!
You are too injured to fight recklessly!
You are too injured to fight recklessly!
You hit Terence but do no damage.
Terence is moderately wounded.
Terence closely misses you.
You closely miss Terence.
Terence is moderately wounded.
Terence closely misses you.
You hit Terence.
Terence is heavily wounded.
Terence barely misses you.
You hit Terence.
Terence is heavily wounded.
Terence hits you with a +0 morningstar!
* * * LOW HITPOINT WARNING * * *
You hit Terence.
Terence is severely wounded.
Terence shouts, "ATTACK!!!"
Terence hits you with a +0 morningstar.
* * * LOW HITPOINT WARNING * * *
You hit Terence.
Terence is almost dead.
Terence hits you but does no damage.
It was a potion of cancellation.
You feel magically purged. Terence hits you with a +0 morningstar!
You die...

......#######.#
#.......†.#
######..########
#...............
#..
..####.>########
#..# #...#########
#..# #............
#..# #...#########
#..#######@##.....
#.........@#...##
#...............#
#.#...#.#.......#
##...>...#.#.....#
#...........#...##
#........#....###
#....[...#..#.#
#........#..#.#


You could see Terence.

Vanquished Creatures
  2 adders
  2 bats
  2 giant cockroaches
  8 hobgoblins
  2 jackals (D:2)
  2 kobolds (D:1)
  A quokka (D:1)
  3 ball pythons
  9 goblins
  2 rats (D:1)
33 creatures vanquished.

Notes
Turn   | Place    | Note
-------+----------+-------------------------------------------
     0 | D:1      | mopl the Formicid Warper began the quest for the Orb.
     0 | D:1      | Reached XP level 1. HP: 16/16 MP: 3/3
   251 | D:1      | Reached XP level 2. HP: 21/22 MP: 5/5
   668 | D:1      | Reached skill level 3 in Axes
   824 | D:2      | Noticed a scorpion
   843 | D:1      | HP: 1/22 [poisoned by a scorpion]
   848 | D:1      | Reached XP level 3. HP: 19/27 MP: 6/6
   892 | D:2      | Noticed Robin
  1316 | D:3      | Reached skill level 4 in Axes
  1316 | D:3      | Reached XP level 4. HP: 33/33 MP: 7/7
  1371 | D:3      | Noticed Terence
  1457 | D:3      | HP: 1/33 [Terence/+0 morningstar (6)]
  1459 | D:3      | Mangled by Terence

Illustrated notes

Levels and vault maps discovered:
D:1:      saegor_arrival_simple_b, layout_loops_ring
D:2:      layout_basic, minmay_ruptured, uniq_robin, uniq_sigmund
D:3:      layout_loops_ring, nicolae_sif_muna_little_library,
          hellmonk_ecumenical_altar_blasted, uniq_terence

Skill      XL: |  1  2  3 |
---------------+----------+-----
Axes           | 3 4 |  4.2
Fighting       | |  2.1
Throwing       | |  1.0
Armour         | |  1.1
Dodging        | |  1.7
Spellcasting   | |  2.1
Translocations | |  2.6

Action                   |  1- 3 |  4- 6 || total
-------------------------+-------+-------++-------
Melee: Hand axe          |   102 |    23 ||   125
       Punch             |       |     1 ||     1
Throw: Boomerang         |     3 |       ||     3
  Use: Potion            |     1 |     1 ||     2
 Stab: Sleeping          |     1 |       ||     1
Armor: Leather armour    |    49 |     6 ||    55
Dodge: Dodged            |    79 |    15 ||    94
